 Dungeon Crawl Stone Soup version 0.16-a0-787-g31dbbe7 (webtiles) character file.

12 JacquesDerrida the Insei (level 2, -2/21 HPs)
             Began as a Demonspawn Transmuter on Sept 27, 2014.
             Slain by an ooze (3 damage)
             ... on Level 1 of the Dungeon.
             The game lasted 00:01:08 (355 turns).

JacquesDerrida the Insei (Demonspawn Transmuter)     Turns: 355, Time: 00:01:09

HP  -2/21        AC  3     Str 10      XL: 2   Next: 20%
MP   3/4         EV 10     Int 14      God:
Gold 12          SH  0     Dex 13      Spells:  1 memorised,  4 levels left

rFire  . . .     SeeInvis .       - Unarmed
rCold  . . .     Clarity  .     i - +0 leather armour
rNeg   . . .     rCorr    .     (no shield)
rPois  .         rRot     .     (helmet restricted)
rElec  .         Spirit   .     (no cloak)
SustAb .         Warding  .     (no gloves)
rMut   .         Stasis   .     (boots unavailable)
Gourm  .                        (no amulet)
MR     .....                    (no ring)
                                (no ring)

@: appendage, not resistant to hostile enchantments, very unstealthy
A: horns 1, talons 3
a: End Transformation


You were on level 1 of the Dungeon.
You were not hungry.
You had grown temporary talons.
You visited 1 branch of the dungeon, and saw 1 of its levels.

You collected 12 gold pieces.

Inventory:

Missiles
 b - 12 arrows
Armour
 c - a +0 robe
 i - a +0 leather armour (worn)
Comestibles
 a - a bread ration
 f - 2 meat rations
Scrolls
 e - 2 scrolls of enchant armour {unknown}
 g - a scroll of enchant weapon {unknown}
 h - a scroll of identify {unknown}
 l - a scroll of magic mapping {unknown}
Jewellery
 m - an uncursed amulet of stasis
Potions
 j - a potion of brilliance {unknown}
 k - a potion of heal wounds {unknown}
 n - a potion of flight {unknown}
Books
 d - a book of Changes

   Spells                             Type                      Level
   *Beastly Appendage                 Transmutation                1
   Sticks to Snakes                   Transmutation                2
   Spider Form                        Transmutation/Poison         3
   Ice Form                           Ice/Transmutation            4
   Blade Hands                        Transmutation                5


   Skills:
 - Level 1.0 Fighting
 - Level 1.7 Dodging
 + Level 3.3 Unarmed Combat
 - Level 2.0 Spellcasting
 - Level 1.7 Transmutations


You had 4 spell levels left.
You knew the following spells:

 Your Spells              Type           Power        Failure   Level  Hunger
a - Beastly Appendage     Trmt           #.....       14%         1    ##.....


Dungeon Overview and Level Annotations

Branches:
Dungeon (1/15)

Altars:


Innate Abilities, Weirdness & Mutations

You have a pair of small horns on your head.
You have claws for feet.


Message History

No target in view!
The ooze quivers.
You barely miss the ooze. The ooze hits you.
You hit the ooze but do no damage. The ooze hits you.
You hit the ooze but do no damage.
You headbutt the ooze, but do no damage.
The ooze hits you.
* * * LOW HITPOINT WARNING * * *
Casting: Beastly Appendage
Confirm with . or Enter, or press ? or * to list all spells.
Your feet morph into talons.
You barely miss the ooze. You claw the ooze.
The ooze is lightly wounded.
The ooze hits you.
* * * LOW HITPOINT WARNING * * *
You barely miss the ooze. You claw the ooze, but do no damage.
You headbutt the ooze, but do no damage.
The ooze is lightly wounded.
The ooze hits you.
You die...

......%............. .
.....###...........# . .....#
#..........#..# .## #.#.##
#..........#... ###+##.# #.#.#
#..........#... #≈♣.♣#.#
#.#.####............# #♣P.P#.#
..#...##..........(.# ..#≈≈..'.##
.####..##.......J##.#...#P..≈#..#
................@.......#≈..P#..#
######................#.#≈.≈♣#..#
#### ..##.#...#..[.....#..P♣#..#
##... #.##.#..........#.#<.≈P#..#
##... .........#...#...######..#
#..#####...........###..........#
.........................).%.)...
................................#
##........#................#.####


You could see an ooze.

Vanquished Creatures
  A goblin (D:1)
  6 hobgoblins (D:1)
  A giant gecko (D:1)
  A giant newt (D:1)
  A kobold (D:1)
  A rat (D:1)
11 creatures vanquished.

Notes
Turn   | Place    | Note
--------------------------------------------------------------
     0 | D:1      | JacquesDerrida, the Demonspawn Transmuter, began the quest for the Orb.
     0 | D:1      | Reached XP level 1. HP: 15/15 MP: 3/3
    31 | D:1      | Reached skill level 3 in Unarmed Combat
   261 | D:1      | Gained mutation: You have a pair of small horns on your head. [demonic ancestry]
   261 | D:1      | Reached XP level 2. HP: 8/21 MP: 1/4
   354 | D:1      | HP: 1/21 [ooze (4)]
   355 | D:1      | Slain by an ooze

Action                   || total
-------------------------++-------
Melee: Unarmed           ||    35
 Cast: Beastly Appendage ||     4
